AoeStats
← Cobos SANTOS (Cabo)

Arabia

509717021Analyzed
1v1 RM · 5d ago on Sep 27, 2026· 56m 52s· 2 players
Game mode
Random Map
Map size
Tiny (2 player)
Population
200
Speed
Normal
Resources
Standard
Victory
Conquest
Starting age
Dark Age
Ending age
Imperial Age
RankedLock teamsTeams togetherTeam positionsShared explorationLock speedFull tech treeHidden civsTurbo modeCheats
Victory
Defeat
🇲🇽 Hindustanis · Mexico
1264
+17
🇲🇽 Dravidians · Mexico
1287
-17
Cobos SANTOS (Cabo)
7:08 Loom
7:12 Loom
10:06 Feudal Age
11:26 Double-Bit Axe
11:28 Horse Collar
14:15 Scale Barding Armor
18:04 Wheelbarrow
21:18 Castle Age
20:22 Bloodlines
21:25 Light Cavalry
24:15 Chain Barding Armor
24:44 Fletching
25:04 Heavy Plow
26:15 Bodkin Arrow
29:51 Padded Archer Armor
31:19 Elite Skirmisher
36:28 Leather Archer Armor
36:43 Crossbowman
38:06 Ballistics
39:31 Scale Mail Armor
44:05 Imperial Age
42:08 Chain Mail Armor
44:04 Forging
43:59 Gold Mining
45:00 Bracer
46:00 Ring Archer Armor
45:39 Thumb Ring
48:11 Conscription
48:01 Shatagni
49:04 Chemistry
49:08 Husbandry
50:32 Hand Cart
55:43 Plate Barding Armor
56:41 Masonry
57:08 Hoardings
Marco Aurelio
6:46 Loom
9:16 Feudal Age
11:30 Double-Bit Axe
16:11 Fletching
23:47 Castle Age
22:16 Gold Mining
22:06 Horse Collar
23:09 Padded Archer Armor
23:57 Crossbowman
24:36 Bodkin Arrow
24:33 Pikeman
28:54 Bow Saw
32:00 Ballistics
37:51 Imperial Age
37:29 Elite Skirmisher
39:35 Chemistry
38:44 Stone Mining
39:31 Wheelbarrow
44:53 Man-at-Arms
45:56 Gambesons
46:17 Bracer
47:51 Long Swordsman
49:21 Wheelbarrow
48:58 Squires
49:02 Scale Mail Armor
49:14 Two-Handed Swordsman
50:26 Heavy Plow
51:23 Town Watch
53:23 Leather Archer Armor
55:49 Ring Archer Armor
Connection lost

Rejoining the realm…

Still unreachable

The connection could not be restored.

Session expired

The server has moved on; the page needs a fresh start.